 Dungeon Crawl Stone Soup version 0.27.0-1-g7a089689b8 (webtiles) character file.

Game seed: 15756138602968020079

830 mg7810 the Chopper (level 8, -1/60 HPs)
             Began as a Human Fighter on Aug 11, 2021.
             Was a Follower of Qazlal.
             Killed from afar by Dowan (15 damage)
             ... with a shard of ice
             ... on level 5 of the Dungeon.
             The game lasted 00:16:51 (4637 turns).

mg7810 the Chopper (Human Fighter)                  Turns: 4637, Time: 00:16:53

Health: -1/60      AC: 15    Str: 19    XL:     8   Next: 18%
Magic:  10/10      EV:  4    Int:  8    God:    Qazlal [*.....]
Gold:   150        SH: 12    Dex: 13    Spells: 7/7 levels left

rFire    . . .     SeeInvis .   a - +0 war axe
rCold    . . .     Faith    +   c - +0 kite shield
rNeg     . . .     Spirit   .   i - +0 plate armour
rPois    .         Reflect  .   (no helmet)
rElec    .         Harm     .   (no cloak)
rCorr    .         Rampage  .   (no gloves)
Will     .....                  o - +2 pair of boots
Stlth    ..........             s - amulet of faith
HPRegen  0.20/turn              j - ring of flight
MPRegen  0.12/turn              (no ring)

@: lethally poisoned (-1 -> -4), flying
A: no striking features
a: Renounce Religion


You were on level 5 of the Dungeon.
You worshipped Qazlal.
Qazlal was aware of your devotion.
You visited 1 branch of the dungeon, and saw 5 of its levels.

You collected 150 gold pieces.

Inventory:

Hand Weapons
 a - a +0 war axe (weapon)
Missiles
 k - an atropa-tipped dart (quivered)
Armour
 c - a +0 kite shield (worn)
 i - a +0 plate armour (worn)
 o - a +2 pair of boots (worn)
Jewellery
 j - a ring of flight (left hand)
 s - an amulet of faith (around neck)
Scrolls
 b - a scroll of vulnerability {unknown}
 d - a scroll of immolation {unknown}
 e - a scroll of fear {unknown}
 f - 4 scrolls of identify
 h - a scroll of teleportation
 m - a scroll of amnesia {unknown}
 p - a scroll of magic mapping {unknown}
 r - a scroll of acquirement {unknown}
 t - 3 scrolls of noise {unknown}
Potions
 g - a potion of lignification {unknown}
 l - a potion of brilliance {unknown}
 n - 2 potions of flight {unknown}
 u - a potion of berserk rage {unknown}


   Skills:
 + Level 4.1 Fighting
 + Level 5.1 Axes
 + Level 4.4 Armour
 + Level 0.9 Dodging
 + Level 5.1 Shields
 * Level 3.6 Invocations


You had 7 spell levels left.
You didn't know any spells.
Your spell library contained the following spells:

 Spells                   Type           Power      Damage    Failure   Level
 Magic Dart               Conj           0%         1d3       100%        1
 Call Imp                 Summ           0%         N/A       100%        2
 Static Discharge         Conj/Air       0%         N/A       100%        2
 Mephitic Cloud           Conj/Pois/Air  0%         N/A       100%        3
 Lightning Bolt           Conj/Air       0%         1d11      100%        5
 Maxwell's Capacitive Co  Air            0%         ∞         100%        8


Dungeon Overview and Level Annotations

Branches:
Dungeon (5/15)             Temple (0/1) D:5

Altars:
Okawaru
Qazlal
Xom

Annotations:
D:5 Dowan


Message History

You feel sick. Dowan hits you but does no damage.
You are more poisoned.
You block Dowan's attack. Dowan hits you but does no damage.
You are more poisoned.
You slash Dowan!
Dowan is severely wounded.
You feel very sick. Dowan hits you but does no damage.
You are more poisoned.
Dowan barely misses you.
You hit Dowan.
Dowan is severely wounded.
You feel extremely sick. You block Dowan's attack.
Dowan breathes, "And she was my only..."
Dowan gestures at you while chanting. The stone arrow misses you.
You barely miss Dowan.
Dowan is severely wounded.
You feel very sick. You block Dowan's attack.
Dowan casts a spell.
Dowan blinks!
You feel very sick.
You feel sick. Dowan casts a spell at you. You block the stone arrow.
You feel sick.
You feel sick. You block Dowan's attack. Dowan casts a spell at you.
The shard of ice hits you!
* * * LOW HITPOINT WARNING * * *
Your plate armour prevents you from hitting Dowan.
Dowan is severely wounded.
You feel sick.
Dowan gestures wildly while chanting.
Dowan blinks!
Dowan points at you and mumbles some strange words.
The shard of ice hits you!
You die...

♣.# ##................##
..###.......[..........#
..#....................#
.................e...#
.....................#
....................##
............(.......#
...................## .
................@§.#8#### ..#
.............######.>...### #.#
.............# #.8.....###.###
..........##.# #...........##.
.............# #..............
.............# #.............#
......##.....# #..............
.....###.....### #..............
<....###..#........#.............


You could see Dowan (fast).

Vanquished Creatures
  Sigmund (D:5)
  Duvessa (D:5)
  A necrophage (D:5)
  A phantom (D:5)
  A water moccasin zombie (D:5)
  A water moccasin skeleton (D:5)
  A howler monkey (D:5)
  2 hounds (D:4)
  2 iguanas
  4 gnolls (D:2)
  5 adders
  3 worms
  4 dart slugs
  An orc (D:4)
  10 ball pythons
  3 endoplasms
  5 giant cockroaches
  5 goblins
  7 hobgoblins
  8 jackals
  5 quokkas
  8 bats
  3 frilled lizards (D:2)
  5 kobolds
  5 rats
92 creatures vanquished.

Vanquished Creatures (others)
  A plant (D:4)
1 creature vanquished.

Grand Total: 93 creatures vanquished

Notes
Turn   | Place    | Note
-------+----------+-------------------------------------------
     0 | D:1      | mg7810 the Human Fighter began the quest for the Orb.
     0 | D:1      | Reached XP level 1. HP: 18/18 MP: 1/1
   534 | D:1      | Reached XP level 2. HP: 20/24 MP: 2/2
   865 | D:2      | Reached XP level 3. HP: 24/29 MP: 3/3
  1313 | D:2      | Reached XP level 4. HP: 35/35 MP: 4/4
  1556 | D:2      | Found a faded altar of an unknown god.
  1563 | D:2      | Became a worshipper of Xom of Chaos
  1571 | D:2      | XOM: silly message
  1619 | D:2      | XOM: 1-stop teleportation journey
  1798 | D:2      | XOM: 3-stop teleportation journey
  1892 | D:2      | Reached XP level 5. HP: 30/41 MP: 5/5
  1893 | D:2      | XOM: polymorph hobgoblin -> giant cockroach
  2134 | D:2      | Found an iron altar of Okawaru.
  2533 | D:3      | XOM: noise
  2604 | D:3      | Found a stormy altar of Qazlal.
  2684 | D:3      | Fell from the grace of Xom
  2684 | D:3      | Became a worshipper of Qazlal Stormbringer
  3209 | D:4      | Reached XP level 6. HP: 38/48 MP: 6/6
  3497 | D:4      | Reached * piety under Qazlal
  3737 | D:4      | Reached skill level 1 in Invocations
  3764 | D:4      | Identified the +0 leather armour "Rotooh" {Dex+3 Slay-6}
  3767 | D:4      | XOM: god gift: quarterstaff {god gift}
  3851 | D:5      | Entered Level 5 of the Dungeon
  3871 | D:5      | Noticed a necrophage
  3875 | D:5      | Reached XP level 7. HP: 22/53 MP: 8/8
  3898 | D:5      | Found a staircase to the Ecumenical Temple.
  4009 | D:5      | XOM: draining
  4039 | D:5      | Noticed Sigmund
  4066 | D:5      | Killed Sigmund
  4092 | D:5      | Noticed Duvessa
  4100 | D:5      | Noticed Dowan
  4107 | D:5      | Killed Duvessa
  4108 | D:5      | Reached skill level 5 in Axes
  4108 | D:5      | Reached skill level 5 in Shields
  4108 | D:5      | Reached XP level 8. HP: 22/60 MP: 10/10
  4355 | D:5      | XOM: summons 6 hostile demons
  4637 | D:5      | Killed from afar by Dowan

Illustrated notes

Levels and vault maps discovered:
D:1:      nicolae_arrival_memento_mori, layout_loops_ring, nrook_campfire
D:2:      layout_basic, ebering_ecumenical_altar_abandoned, basic_altar
D:3:      layout_rooms, mainiacjoe_overflow_surrounded_room
D:4:      corexii_shack_village, layout_basic, kennysheep_generic_room_3
D:5:      layout_layer_cave, gammafunk_temple_overflow_wave, temple_statues,
          serial_shops, nicolae_shop_crystal, minmay_stone_trees_large,
          uniq_duvessa, uniq_sigmund

Skill      XL: |  1  2  3  4  5  6  7 |
---------------+----------------------+-----
Shields        | 4 5 |  5.1
Axes           | 3 5 |  5.1
Invocations    | 2 3 |  3.6
Armour         | 4 |  4.4
Fighting       | 4 |  4.1
Dodging        | |  0.9

Action                   |  1- 3 |  4- 6 |  7- 9 || total
-------------------------+-------+-------+-------++-------
Melee: War axe           |    87 |   198 |    94 ||   379
Throw: Dart              |       |       |     2 ||     2
  Use: Potion            |     2 |       |     1 ||     3
       Scroll            |       |       |     2 ||     2
Armor: Plate armour      |    67 |   167 |    69 ||   303
       Scale mail        |     3 |       |       ||     3
Dodge: Dodged            |    10 |    28 |    21 ||    59
Block: Kite shield       |    60 |   138 |    69 ||   267
